 Dungeon Crawl Stone Soup version 0.27-a0-1087-gf39c287674 (webtiles) character file.

Game seed: 8072101225801798234

43015 Gaff the Eclecticist (level 14, -1/103 HPs)
             Began as a Djinni Air Elementalist on Apr 27, 2021.
             Was a High Priest of Makhleb.
             Hit by a silver javelin thrown by a minotaur (4 damage)
             ... in a Gauntlet.
             The game lasted 01:56:11 (21246 turns).

Gaff the Eclecticist (Djinni Air Elementalist)     Turns: 21246, Time: 01:56:12

Health: -1/103     AC: 14    Str:  8    XL:     14   Next: 22%
Gold:   936        EV: 15    Int: 34    God:    Makhleb [*****.] SH:  6 Dex: 11

rFire    + + .     SeeInvis .   B - +8 spear of Extremism {vorpal, *Corrode Will+ Int+5}
rCold    . . .     Faith    .   l - +2 buckler
rNeg     . . .     Spirit   .   N - +0 acid dragon scales
rPois    ∞         Reflect  .   x - +2 helmet {Int+3}
rElec    .         Harm     .   e - +1 cloak
rCorr    +         Rampage  .   g - +2 pair of gloves
Will     ++...     NoTele   +   (boots unavailable)
Stlth    +.........             U - amulet of regeneration
HPRegen  1.27/turn              n - ring of protection from cold
MPRegen  0.00/turn              E - ring of Zuskuegh {EV+4 Int+6 Dex-4}

@: flying, invisible
A: fire resistance 2, cold vulnerability 1, float, innate caster, hp casting,
extra vitality 1
a: Renounce Religion, Minor Destruction, Lesser Servant of Makhleb, Major
Destruction, Greater Servant of Makhleb


You were in a Gauntlet.
You worshipped Makhleb.
Makhleb was extremely pleased with you.
You visited 3 branches of the dungeon, and saw 18 of its levels.
You also visited: Gauntlet and Volcano.

You collected 958 gold pieces.
You spent 22 gold pieces at shops.

Inventory:

Hand Weapons
 b - the +8 trident of the Octopus King {venom, rElec rPois Will+}
   (You found it on level 12 of the Dungeon)

   It poisons the flesh of those it strikes.
   It insulates you from electricity.
   It protects you from poison.
   It increases your willpower.
 f - a +0 demon blade of flaming
 A - a +5 spear of flaming
 B - the +8 spear of Extremism (weapon) {vorpal, *Corrode Will+ Int+5}
   (You found it on level 4 of the Dungeon)

   It inflicts extra damage upon your enemies.
   It affects your intelligence (+5).
   It may corrode you when you take damage.
   It increases your willpower.
 C - the +3 hand axe of Ruikikk {vorpal, +Rage rElec rF- Int-5}
   (You found it in a Gauntlet)

   It inflicts extra damage upon your enemies.
   It affects your intelligence (-5).
   It makes you vulnerable to fire.
   It insulates you from electricity.
   It lets you go berserk.
 F - the +7 trident "Nuteur" {freeze, +Rage rN+ SInv}
   (You found it on level 5 of the Dungeon)

   It has been specially enchanted to freeze those struck by it, causing extra
   injury to most foes and up to half again as much damage against particularly
   susceptible opponents.
   It can also slow down cold-blooded creatures.
   It protects you from negative energy.
   It lets you see invisible.
   It lets you go berserk.
Missiles
 m - 429 stones
 z - 10 curare-tipped darts
 D - 3 javelins
 I - 2 throwing nets
Armour
 e - a +1 cloak (worn)
 g - a +2 pair of gloves (worn)
 l - a +2 buckler (worn)
 p - a +0 troll leather armour
 x - a +2 helmet of intelligence (worn)
 H - a +2 leather armour of fire resistance
 N - +0 acid dragon scales (worn)
Jewellery
 c - the ring "Myetzaeh" {Will+ Str+6 Int+4 Dex-3}
   (You found it in a Gauntlet)

   [ring of strength]

   It affects your strength (+6).
   It affects your intelligence (+4).
   It affects your dexterity (-3).
   It increases your willpower.
 h - an amulet of magic regeneration
 n - a ring of protection from cold (left hand)
 E - the ring of Zuskuegh (right hand) {EV+4 Int+6 Dex-4}
   (You acquired it on level 4 of the Dungeon)

   [ring of evasion]

   It affects your evasion (+4).
   It affects your intelligence (+6).
   It affects your dexterity (-4).
 J - an amulet of magic regeneration
 U - an amulet of regeneration (around neck)
Wands
 i - a wand of iceblast (5)
 y - a wand of acid (12)
 K - a wand of polymorph (12)
 W - a wand of paralysis (13)
Scrolls
 q - 3 scrolls of enchant weapon {unknown}
 s - 3 scrolls of blinking
 t - 2 scrolls of immolation {unknown}
 u - 2 scrolls of silence
 v - 7 scrolls of teleportation
 w - a scroll of identify
 G - a scroll of enchant armour
 Y - a scroll of fear
Potions
 a - 2 potions of brilliance {unknown}
 d - 7 potions of resistance
 k - 6 potions of might
 o - 4 potions of curing
 r - 3 potions of lignification
 T - 2 potions of invisibility
Miscellaneous
 j - a tin of tremorstones (2/2)


   Skills:
 - Level 10.9 Fighting
 - Level 6.0 Polearms
 - Level 4.0 Dodging
 - Level 1.6 Stealth
 - Level 4.0 Shields
 * Level 16.1 Spellcasting


You had 13 spell levels left.
You knew the following spells:

 Your Spells              Type           Power      Damage    Failure   Level
a - Shock                 Conj/Air       100%       1d9       0%          1
b - Static Discharge      Conj/Air       95%        N/A       0%          2
c - Swiftness             Air            95%        N/A       0%          3
d - Airstrike             Air            47%        N/A       1%          4
e - Lightning Bolt        Conj/Air       47%        1d68      1%          5
f - Corona                Hex            100%       N/A       0%          1
g - Passwall              Tmut/Erth      79%        N/A       0%          2
h - Blink                 Tloc           N/A        N/A       0%          2
i - Frozen Ramparts       Ice            100%       1d12      0%          3
j - Sticky Flame          Conj/Fire      95%        2d10      1%          4
k - Yara's Violent Unrav  Hex/Tmut       47%        3d18      1%          5
Your spell library was empty.

Dungeon Overview and Level Annotations

Branches:
Dungeon (13/15)            Temple (1/1) D:6            Lair (4/6) D:11
 Shoals (0/4) Lair:4       Spider (0/4) Lair:3          Orc (0/2) D:11
Volcano (visited)         Gauntlet (1/1)
 Vaults: D:13-14

Altars:
Ashenzari
Cheibriados
Dithmenos
Elyvilon
Fedhas
Gozag
Hepliaklqana
Kikubaaqudgha
Makhleb
Nemelex Xobeh
Okawaru
Qazlal
Ru
Sif Muna
Trog
Uskayaw
Vehumet
Wu Jian
Xom
Yredelemnul
Zin
The Shining One

Shops:
D:2 *   D:4 ?   D:13 [**

Annotations:
D:5 1 runed translucent door, Crazy Yiuf
D:13 Jorgrun Gauntlet 6 transporters


Innate Abilities, Weirdness & Mutations

You are immune to poison.
Your flesh is very heat resistant. (rF++)
You are vulnerable to cold. (rC-)
You float through the air rather than walking.
You learn spells naturally, not from books.
Your magical power is your life essence.
You have superior vitality. (+4 HP)


Message History

* * * LOW HITPOINT WARNING * * *
Casting: Airstrike (safe; 1% risk of failure)
Confirm with . or Enter, or press ? or * to list all spells.
Aiming: Airstrike (safe; 1% risk of failure)
Press: ? - help, Dir - move target, f/p - minotaur
Aim: a minotaur, wielding a +3 rapier of electrocution, wearing a +0 chain mail and quivering silver javelins (almost dead, misshapen and mutated)
The air twists around and strikes the minotaur!
The minotaur is almost dead.
* * * LOW HITPOINT WARNING * * *
You are confused.
You feel invigorated.
The minotaur throws a silver javelin.
The silver javelin pierces through you!
* * * LOW HITPOINT WARNING * * *
x2 Unknown command.
You're too confused to cast spells.
Unknown command.
The minotaur hits you with a +3 rapier of electrocution.
* * * LOW HITPOINT WARNING * * *
The minotaur gores you.
* * * LOW HITPOINT WARNING * * *
The minotaur hits you with a +3 rapier of electrocution.
* * * LOW HITPOINT WARNING * * *
The minotaur misses you.
You feel less invigorated.
You feel less confused.
The minotaur hits you with a +3 rapier of electrocution!
* * * LOW HITPOINT WARNING * * *
You are electrocuted!
* * * LOW HITPOINT WARNING * * *
The minotaur gores you!
* * * LOW HITPOINT WARNING * * *
Casting: Airstrike (safe; 1% risk of failure)
Confirm with . or Enter, or press ? or * to list all spells.
You blink.
* * * LOW HITPOINT WARNING * * *
Unknown command.
You fade into invisibility!
The minotaur throws a silver javelin.
The silver javelin pierces through you!
* * * LOW HITPOINT WARNING * * *
You die...

####..#.#.?#..≈##..#
#©©#..#©#.©#..###..#
####..#.#..#..≈##..#
#..#..#.#.W#..###..#
#..#...W...#..#....# ##########
#..#########..#©.H.# #........#
............∩.#....####.######.#
..............#.......#.# #§#
.###########..#©@..##.#.####.#.#
.#...#.#...#..#....##.#....H.#.#
.#..#...#..#..###..##.########.#
.#.##^..##.#..≈##..##......H...#
###..#.##..#..###..#############
©#....©^#.©#..≈##..#
###..#.##..#..###..#
.#.##...##.#..§#####
.#..#...#..#..##


You could see a minotaur (misshapen) and a shadow.

Vanquished Creatures
  Harold (D:7)
  4 hydras
  A boulder beetle (D:11)
  Erica (D:8)
  2 two-headed ogres
  4 death yaks (Lair:3)
  A sun demon (Volcano)
  Nergalle (D:12)
  Sonja (Lair:3)
  4 oklob plants (Lair:3)
  An orc sorcerer (Volcano)
  2 cyclopes (D:12)
  An ugly thing (Volcano)
  3 elephants (Lair:3)
  A black mamba (Lair:2)
  A gargoyle (D:13)
  Maurice (D:13)
  Maggie (D:8)
  Psyche (D:8)
  6 cane toads
  2 rime drakes
  7 komodo dragons
  2 tengu conjurers (D:13)
  A queen bee (Gauntlet)
  3 trolls
  2 red devils (Volcano)
  3 blink frogs (Lair:1)
  A hornet (D:10)
  A meliai zombie (D:11)
  6 slime creatures
  Sigmund (D:3)
  2 centaur simulacra (Gauntlet)
  14 flying skulls (Gauntlet)
  34 yaks
  3 shadows
  A vampire (D:9)
  2 wraiths
  3 wyverns
  3 vampire mosquitoes (D:11)
  3 basilisks
  Menkaure (D:4)
  A hell hound (Volcano)
  An acid dragon (D:10)
  14 water moccasins
  4 orc warriors
  An ice beast (D:7)
  2 sky beasts
  3 black bears
  2 hornet zombies (D:8)
  11 wolves
  3 necrophages
  3 ogres
  7 centaurs
  A kobold brigand (D:8)
  3 gnoll sergeants
  Blork the orc (D:6)
  8 bullfrogs
  A wyvern zombie (D:9)
  9 scorpions
  10 killer bees
  An electric eel (D:12)
  15 wights
  2 howler monkeys (D:13)
  9 jellies
  3 centaur zombies
  A wyvern simulacrum (Gauntlet)
  4 hounds
  4 bullfrog skeletons
  A gnoll shaman (D:6)
  4 orc priests
  Jessica (D:2)
  An iguana (D:4)
  8 orc wizards
  A hound skeleton (D:4)
  Robin (D:2)
  2 howler monkey zombies
  18 gnolls
  10 adders
  A shadow imp (D:5)
  2 ufetubi
  An adder zombie (D:5)
  5 worms
  2 dart slugs (D:3)
  58 orcs
  19 endoplasms
  6 giant cockroaches
  28 goblins
  11 hobgoblins
  3 jackals (D:3)
  4 quokkas
  3 ball pythons
  8 bats
  3 frilled lizards
  A jackal skeleton (D:4)
  18 kobolds
  5 rats
482 creatures vanquished.

Vanquished Creatures (others)
  40 fungi
  41 plants
81 creatures vanquished.

Grand Total: 563 creatures vanquished

Notes
Turn   | Place    | Note
-------+----------+-------------------------------------------
     0 | D:1      | Gaff the Djinni Air Elementalist began the quest for the
                  | Orb.
     0 | D:1      | Reached XP level 1. HP: 15/15 MP: 0/0
   206 | D:1      | Reached skill level 3 in Spellcasting
   288 | D:1      | Reached XP level 2. HP: 17/21 MP: 0/0
  1164 | D:2      | Found Teesuet's General Store.
  1251 | D:2      | Reached XP level 3. HP: 25/26 MP: 0/0
  1251 | D:2      | Learned a level 1 spell: Corona
  1342 | D:2      | Noticed Jessica
  1347 | D:2      | Killed Jessica
  1348 | D:2      | Reached skill level 1 in Fighting
  1421 | D:2      | Found a faded altar of an unknown god.
  1659 | D:2      | Reached XP level 4. HP: 27/32 MP: 0/0
  1732 | D:2      | Noticed Robin
  1738 | D:2      | Killed Robin
  1803 | D:2      | Reached skill level 4 in Spellcasting
  1951 | D:3      | Noticed Sigmund
  2148 | D:3      | Reached XP level 5. HP: 35/38 MP: 0/0
  2148 | D:3      | Learned a level 2 spell: Passwall
  2175 | D:3      | Noticed an ogre
  2384 | D:2      | Killed an ogre
  2852 | D:4      | Reached XP level 6. HP: 31/45 MP: 0/0
  3155 | D:3      | Reached skill level 5 in Spellcasting
  3183 | D:3      | Killed Sigmund
  3406 | D:3      | Reached XP level 7. HP: 25/50 MP: 0/0
  3406 | D:3      | Learned a level 2 spell: Blink
  3824 | D:4      | Noticed Menkaure
  3835 | D:4      | Killed Menkaure
  3836 | D:4      | Reached skill level 6 in Spellcasting
  4259 | D:4      | Found a shadowy altar of Dithmenos.
  5057 | D:4      | Identified the +2 plate armour of Hado {-Cast Harm Str+5}
  5076 | D:4      | Identified the +8 spear of Extremism {vorpal, *Corrode
                  | Will+ Int+5}
  5281 | D:4      | Reached XP level 8. HP: 58/58 MP: 0/0
  5388 | D:4      | Found Udimuono's Magic Scroll Shop.
  5398 | D:4      | Bought a scroll of identify for 22 gold pieces
  5400 | D:4      | Identified a scroll of acquirement
  5403 | D:4      | Acquired the ring of Zuskuegh {EV+4 Int+6 Dex-4}
  5411 | D:5      | Entered Level 5 of the Dungeon
  5416 | D:5      | Identified the +7 trident "Nuteur" {freeze, +Rage rN+ SInv}
  5464 | D:5      | Reached skill level 5 in Fighting
  5464 | D:5      | Reached skill level 7 in Spellcasting
  5667 | D:5      | Reached skill level 1 in Polearms
  6387 | D:5      | Found a runed translucent door.
  6388 | D:5      | Noticed Crazy Yiuf
  6840 | D:6      | Reached XP level 9. HP: 61/65 MP: 0/0
  6840 | D:6      | Learned a level 3 spell: Frozen Ramparts
  7164 | D:6      | Reached skill level 8 in Spellcasting
  7168 | D:6      | Noticed Blork the orc
  7170 | D:6      | Killed Blork the orc
  7570 | D:6      | Found a staircase to the Ecumenical Temple.
  7595 | Temple   | Entered the Ecumenical Temple
  9264 | D:7      | Noticed Harold
  9981 | D:7      | Reached skill level 5 in Polearms
 10011 | D:7      | Killed Harold
 10012 | D:7      | Reached skill level 9 in Spellcasting
 10012 | D:7      | Reached XP level 10. HP: 44/70 MP: 0/0
 10639 | D:7      | Found a snail-covered altar of Cheibriados.
 10639 | D:7      | Found a sacrificial altar of Ru.
 10639 | D:7      | Found an iron altar of Okawaru.
 10644 | D:7      | Found a white marble altar of Elyvilon.
 10666 | D:7      | Became a worshipper of Ru the Awakened
 10716 | D:8      | Noticed Psyche
 10738 | D:8      | Noticed Maggie
 11336 | D:8      | Killed Maggie
 11344 | D:8      | Reached skill level 10 in Spellcasting
 11397 | D:8      | Killed Psyche
 11494 | D:8      | Noticed Erica
 11504 | D:8      | Killed Erica
 11704 | D:8      | Found an opulent altar of Gozag.
 11774 | D:8      | Found a glowing silver altar of Zin.
 11861 | D:8      | Found a broken altar of Ashenzari.
 13056 | D:9      | Noticed a two-headed ogre
 13072 | D:9      | Killed a two-headed ogre
 13073 | D:9      | Reached XP level 11. HP: 70/82 MP: 0/0
 13073 | D:9      | Learned a level 4 spell: Sticky Flame
 13284 | Temple   | Fell from the grace of Ru
 13284 | Temple   | Became a worshipper of Makhleb the Destroyer
 13917 | D:10     | Entered Level 10 of the Dungeon
 13933 | D:10     | Reached skill level 11 in Spellcasting
 14121 | D:10     | Reached * piety under Makhleb
 14747 | D:10     | Found a blossoming altar of Fedhas.
 15047 | D:11     | Found a staircase to the Lair.
 15095 | D:11     | Noticed a boulder beetle
 15098 | D:11     | Killed a boulder beetle
 15119 | D:11     | Reached skill level 12 in Spellcasting
 15291 | D:11     | Reached ** piety under Makhleb
 15333 | D:11     | Found a staircase to the Orcish Mines.
 15664 | Lair:1   | Entered Level 1 of the Lair of Beasts
 15750 | Lair:1   | Reached XP level 12. HP: 68/91 MP: 0/0
 15927 | D:12     | Reached skill level 10 in Fighting
 15964 | D:12     | Found the +8 trident of the Octopus King {venom, rElec
                  | rPois Will+}
 16057 | D:12     | Noticed a two-headed ogre
 16061 | D:12     | Killed a two-headed ogre
 16378 | D:12     | Noticed Nergalle
 16394 | D:12     | Killed Nergalle
 16486 | D:12     | Noticed a five-headed hydra
 16588 | D:12     | Acquired a +2 helmet of intelligence
 16622 | D:12     | Killed a five-headed hydra
 16691 | D:13     | Found Reffiabb's Assorted Antiques.
 16691 | D:13     | Noticed Maurice
 16696 | D:13     | Killed Maurice
 16790 | D:13     | Noticed Jorgrun
 16821 | D:13     | Found Leroez's General Store.
 16839 | D:13     | Reached skill level 13 in Spellcasting
 17178 | D:13     | Found Tuezorghua's Armour Emporium.
 17558 | Lair:1   | Noticed an eight-headed hydra
 17570 | Lair:1   | Killed an eight-headed hydra
 17571 | Lair:1   | Reached skill level 1 in Shields
 17673 | Lair:1   | Noticed a seven-headed hydra
 17679 | Lair:1   | Killed a seven-headed hydra
 17706 | Lair:1   | Noticed a four-headed hydra
 17712 | Lair:1   | Killed a four-headed hydra
 17792 | Lair:1   | Reached *** piety under Makhleb
 17807 | Lair:1   | Reached XP level 13. HP: 93/98 MP: 0/0
 17807 | Lair:1   | Learned a level 5 spell: Yara's Violent Unravelling
 18687 | Lair:2   | Reached skill level 14 in Spellcasting
 19204 | Lair:3   | Reached **** piety under Makhleb
 19224 | Lair:3   | Found a dark tunnel.
 19234 | Volcano  | Entered a volcano
 19793 | Lair:3   | Found a broken altar of Ashenzari.
 20045 | Lair:3   | Reached skill level 15 in Spellcasting
 20100 | Lair:3   | Found a hole to the Spider Nest.
 20100 | Lair:3   | Noticed Sonja
 20102 | Lair:3   | Killed Sonja
 20593 | Lair:3   | Reached XP level 14. HP: 76/103 MP: 0/0
 20673 | Lair:4   | Found a gate leading to a gauntlet.
 20685 | Gauntlet | Entered a Gauntlet
 20685 | Gauntlet | Found a transporter.
 20685 | Gauntlet | Found a transporter.
 20685 | Gauntlet | Found a transporter.
 20700 | Gauntlet | Found a transporter.
 20702 | Gauntlet | Found a transporter.
 20713 | Gauntlet | Found a transporter.
 20716 | Gauntlet | Found a transporter.
 20731 | Gauntlet | Found a transporter.
 20751 | Gauntlet | Found a transporter.
 20776 | Gauntlet | Found a transporter.
 20780 | Gauntlet | Found a transporter.
 20796 | Gauntlet | Found a transporter.
 20983 | Gauntlet | Identified the ring "Myetzaeh" {Will+ Str+6 Int+4 Dex-3}
 20986 | Gauntlet | Reached ***** piety under Makhleb
 21072 | Gauntlet | Reached skill level 16 in Spellcasting
 21079 | Gauntlet | Identified the +3 hand axe of Ruikikk {vorpal, +Rage rElec
                  | rF- Int-5}
 21246 | Gauntlet | HP: 3/103 [minotaur/silver javelin (13)]
 21246 | Gauntlet | Hit by a silver javelin thrown by a minotaur

Illustrated notes

Levels and vault maps discovered:
D:1:      heliophobic_arrival_henge, layout_basic, minmay_tromino_i4
D:2:      layout_basic, shapermc_ecumenical_altar_totnotflames, serial_shops,
          shop, uniq_jessica, uniq_robin
D:3:      layout_loops_cross, hangedman_abyss_or_decor_lesser_grid, uniq_sigmund
D:4:      corexii_shantytown, layout_basic, kennysheep_little_box, serial_shops,
          shop, ebering_dispersal_statue_hall, uniq_menkaure
D:5:      layout_loops_ring, lemuel_tele_altar, uniq_crazy_yiuf_cottage
D:6:      layout_cave_pods, overflow_temple_1_default, minmay_temple_entry_hall,
          nrook_mini_backslash, sigmund_army, uniq_blork_the_orc
D:7:      layout_loops_cross, minitemple, uniq_harold
D:8:      layout_basic, pdpol_temple_overflow_zin_treasury_gozag_greed,
          marbit_many_paths, enter_bailey_3, uniq_psyche, uniq_maggie,
          uniq_erica
D:9:      layout_small_grid
D:10:     layout_irregular_city, fedhas_altar_4
D:11:     layout_rooms, due_lair_maze_entry_diamond, hiddenorc1_lemuel
D:12:     layout_loops_ring, kennysheep_generic_room_7, uniq_nergalle
D:13:     layout_irregular_city, serial_shops, shop, shop, shop,
          nicolae_shop_trees, dk_noncrumbling_2, uniq_jorgrun, uniq_maurice
Temple:   compressed_dpeg_circular_temple
Lair:1:   lemuel_slime, layout_long_grid
Lair:2:   layout_chaotic_city, chequers_serial_rivers_room_a, grunt_megastairs_4
Lair:3:   dpeg_oklob_gauntlet, layout_loops_ring,
          nicolae_spider_entry_non_spiders, enter_volcano_2,
          lemuel_centaur_altar, uniq_sonja
Lair:4:   layout_layer_cave, elwin_shoals_entry_stream, gauntlet_entry_generic,
          grunt_megastairs_3
Gauntlet: minmay_gauntlet_mixed_big_or_small [gammafunk_gauntlet_arena_teeth,
          minmay_gauntlet_arena_77_checkered, nicolae_gauntlet_arena_x,
          minmay_gauntlet_arena_77_broken_ladder,
          gammafunk_gauntlet_arena_chambers,
          minmay_gauntlet_arena_77_chump_sandwich, gauntlet_exit_spiral]

Skill      XL: |  1  2  3  4  5  6  7  8  9 10 11 12 13 14 |
---------------+-------------------------------------------+-----
Spellcasting   | 3 4 5 6 7 9 10 12 13 15 16 | 16.1
Fighting       | 1 2 3 4 5 8 9 10 | 10.9
Polearms       | 3 6 |  6.0
Dodging        | 4 |  4.0
Shields        | 3 4 |  4.0
Stealth        | |  1.6

Action                   |  1- 3 |  4- 6 |  7- 9 | 10-12 | 13-15 || total
-------------------------+-------+-------+-------+-------+-------++-------
Melee: Rapier            |     1 |     3 |       |       |       ||     4
       Spear             |       |       |    58 |   127 |    72 ||   257
       Unarmed           |       |       |       |     7 |       ||     7
 Cast: Shock             |    48 |    72 |   135 |    31 |    13 ||   299
       Static Discharge  |       |     7 |    14 |     7 |    19 ||    47
       Swiftness         |       |     3 |     1 |     2 |       ||     6
       Corona            |       |     2 |     1 |     5 |    27 ||    35
       Airstrike         |       |       |    59 |   226 |   103 ||   388
       Blink             |       |       |     5 |    14 |     7 ||    26
       Lightning Bolt    |       |       |     1 |    50 |    43 ||    94
       Frozen Ramparts   |       |       |     1 |     2 |     1 ||     4
       Sticky Flame      |       |       |       |     1 |     1 ||     2
       Yara's Violent Un |       |       |       |       |    18 ||    18
  Use: Scroll            |       |     1 |     6 |    12 |     4 ||    23
       Potion            |       |       |       |     5 |     2 ||     7
 Stab: Sleeping          |     1 |       |       |     1 |     1 ||     3
Armor: Robe              |     2 |     1 |    13 |    15 |     2 ||    33
       Acid dragon scale |       |       |       |    60 |    54 ||   114
       Leather armour    |       |       |       |       |     1 ||     1
Dodge: Dodged            |     4 |    15 |    55 |   131 |   120 ||   325
Block: Buckler           |       |       |       |       |    52 ||    52

Table legend: (Time is in decaauts)
 A = Elapsed time spent in this place.
 B = Non-inter-level travel time spent in this place.
 C = Inter-level travel time spent in this place.
 D = Time resting spent in this place.
 E = Time spent auto-exploring this place.
 F = Levels seen in this place.
 G = Mean time per level.
                   A        B        C        D        E       F      G
               +--------+--------+--------+--------+--------+-----+--------+
         Total |  21223 |  19884 |   1339 |   6233 |   7562 |  20 | 1061.2 |
       Dungeon |  16971 |  15778 |   1193 |   5864 |   5697 |  13 | 1305.5 |
        Temple |    414 |    378 |     36 |      0 |    122 |   1 |  414.0 |
          Lair |   2932 |   2822 |    110 |    293 |   1505 |   4 |  733.0 |
       Volcano |    346 |    346 |      0 |     38 |     28 |   1 |  346.0 |
      Gauntlet |    558 |    558 |      0 |     38 |    210 |   1 |  558.0 |
               +--------+--------+--------+--------+--------+-----+--------+

Top non-repeatable levels by time:
     D:6: 2035 daAuts
     D:8: 1773 daAuts
     D:7: 1766 daAuts
     D:5: 1757 daAuts
     D:4: 1702 daAuts
     D:2: 1367 daAuts
     D:3: 1198 daAuts
     D:1: 1146 daAuts
    D:12: 1144 daAuts
  Lair:3: 1117 daAuts
    D:10: 1045 daAuts
  Lair:1: 931 daAuts
    D:11: 825 daAuts
  Lair:2: 822 daAuts
     D:9: 768 daAuts
